 Dungeon Crawl Stone Soup version 0.29.1-13-g9f3cf754e1 (webtiles) character file.

Game seed: 4239976244545604918

984 theswoord the Chiller (level 8, -2/61 (74) HPs)
             Began as a Naga Ice Elementalist on Feb 1, 2023.
             Was a Follower of Cheibriados.
             Slain by a wight
             ... wielding a +0 long sword
              (12 damage)
             ... on level 5 of the Dungeon.
             The game lasted 00:13:00 (4813 turns).

theswoord the Chiller (Naga Ice Elementalist)       Turns: 4813, Time: 00:13:00

HP:   -2/61 (74)    AC:  7    Str: 13    XL:     8   Next: 17%
MP:   15/15         EV: 10    Int: 19    God:    Cheibriados [*.....]
Gold: 254           SH:  5    Dex: 18    Spells: 10/17 levels left

rFire   . . .      SeeInvis +   q - +4 spear
rCold   + . .      Faith    .   (no shield)
rNeg    . . .      Spirit   .   a - +1 robe
rPois   +          Reflect  +   d - +2 helmet
rElec   .          Harm     .   (no cloak)
rCorr   .          Rampage  .   (no gloves)
Will    +....                   (no barding)
Stlth   ++........              r - amulet "Juhoem" {Reflect Slay+5 SH+5}
HPRegen 0.20/turn               l - +6 ring of dexterity
MPRegen 0.14/turn               p - ring of protection from cold

@: heavily drained, very slow
A: AC +2, large, see invisible, deformed body, poison resistance, slowness 2,
spit poison 1, naga tail 1, clumsy 1, MP-powered wands
a: Spit Poison, Renounce Religion, Bend Time


You were on level 5 of the Dungeon.
You worshipped Cheibriados.
Cheibriados was aware of your devotion.
You visited 2 branches of the dungeon, and saw 6 of its levels.
You also visited: Sewer.

You collected 254 gold pieces.

Inventory:

Hand Weapons
 e - a +0 sling
 h - a +2 mace of venom
 m - a +0 whip
 q - a +4 spear (weapon)
Armour
 a - a +1 robe (worn)
 d - a +2 helmet (worn)
Magical Staves
 g - a staff of death
 i - a staff of conjuration
Jewellery
 l - a +6 ring of dexterity (left hand)
 p - a ring of protection from cold (right hand)
 r - the amulet "Juhoem" (around neck) {Reflect Slay+5 SH+5}
   (You found it on level 4 of the Dungeon)

   [amulet of reflection]

   It reflects blocked missile attacks.
   Slay:      It affects your accuracy & damage with ranged weapons and melee
   (+5).
   SH:        It affects your SH (+5).
Wands
 s - a wand of light (5)
Scrolls
 c - 2 scrolls of identify
 j - a scroll of enchant armour
 o - a scroll of enchant weapon
 t - a scroll of poison {unknown}
 u - a scroll of teleportation
Potions
 b - 3 potions of magic
 k - a potion of curing


   Skills:
 + Level 5.1 Fighting
 - Level 1.5 Dodging
 - Level 3.0 Stealth
 + Level 5.1 Spellcasting
 + Level 6.6 Ice Magic


You had 10 spell levels left.
You knew the following spells:

 Your Spells              Type           Power      Damage    Failure   Level
a - Freeze                Ice            100%       1d11      1%          1
b - Frozen Ramparts       Ice            60%        1d10      2%          3
c - Ozocubu's Armour      Ice            30%        N/A       2%          3

Your spell library contained the following spells:

 Spells                   Type           Power      Damage    Failure   Level
 Beastly Appendage        Tmut           8%         N/A       12%         1
 Wereblood                Tmut           4%         N/A       19%         2
 Hailstorm                Conj/Ice       17%        3d6       30%         4
 Spider Form              Tmut/Pois      4%         N/A       36%         3


Dungeon Overview and Level Annotations

Branches:
Dungeon (5/15)             Temple (1/1) D:4           Sewer (visited)

Altars:
Cheibriados
Dithmenos
Elyvilon
Fedhas
Gozag
Hepliaklqana
Kikubaaqudgha
Makhleb
Okawaru
Uskayaw
Vehumet
Wu Jian
Yredelemnul
The Shining One

Shops:
D:3 ?   D:4 [


Innate Abilities, Weirdness & Mutations

Your serpentine skin is tough. (AC +2)
You have supernaturally acute eyesight. (SInv)
Armour fits poorly on your strangely shaped body.
Your system is resistant to poisons. (rPois)
You cover ground very slowly.
You can spit poison.
You have a snake-like lower body.
You are clumsy. (Dex -2)
You expend magic power (3 MP) to strengthen your wands.


Message History

Okay, then.
Blink to where?
Press: ? - help, Dir - move target, p - wight
As you read the scroll of blinking, it crumbles to dust.
Okay, then.
You feel much better.
Casting: Freeze (safe; 1% risk of failure)
Confirm with . or Enter, or press ? or * to list all spells.
You don't know that spell.
Unknown command.
Your +2 mace of venom stops dripping with poison.
q - a +4 spear (weapon)
Reach: q) +4 spear
Press: ? - help, Dir - move target, f - wight
Aim: a wight, wielding a +1 dire flail and wearing a +0 robe (heavily damaged, about 27% to evade your +4 spear)
You reach to attack!
You barely miss the wight.
The wight is heavily damaged.
Reach: q) +4 spear
Press: ? - help, Dir - move target, f/p - wight
Aim: a wight, wielding a +1 dire flail and wearing a +0 robe (heavily damaged, about 27% to evade your +4 spear)
You hit the wight.
The wight is heavily damaged.
You block the wight's attack.
You hit the wight.
The wight is severely damaged.
The wight hits you with a +1 dire flail!
* * * LOW HITPOINT WARNING * * *
The wight closely misses you.
You hit the wight but do no damage.
The wight is severely damaged.
The wight hits you with a +1 dire flail!
* * * LOW HITPOINT WARNING * * *
You feel drained.
* * * LOW HITPOINT WARNING * * *
The wight barely misses you.
You hit the wight.
The wight is almost destroyed.
You block the wight's attack.
The wight hits you with a +0 long sword!
You die...

.............#..#.##.#..#.#
#####......#.#..#.##.#..#.#######
# #......#.#..#................ #
#......###>[####.####.#######
#####..........)#.......#.#
#.#.#.....#####.#.##.##.#.####
..........+.....#............#
#.#.#.....###..zz(.)..#.#....#
................@.#####.#....#
#.#.#......##...#.......#....#
...........#...##########....#
#.#.#.......................##
.....###.##################.#####
#.#.## #........†................
.....######################.#####
#.#.#....# .... .........####
.####.#


You could see 2 wights.

Vanquished Creatures
  Pargi (Sewer)
  2 black bears (D:5)
  An ogre (D:5)
  A scorpion (D:5)
  3 wights (D:5)
  3 vampire bats (D:4)
  An orc priest (D:4)
  2 iguanas (D:5)
  7 adders
  5 gnolls (D:4)
  A dart slug (D:4)
  13 orcs
  10 endoplasms
  2 giant cockroaches (D:3)
  9 goblins
  6 hobgoblins
  12 kobolds
  2 quokkas (D:4)
  6 ball pythons
  6 bats
  9 frilled lizards
  5 rats
107 creatures vanquished.

Notes
Turn   | Place    | Note
-------+----------+-------------------------------------------
     0 | D:1      | theswoord the Naga Ice Elementalist began the quest for the
                  | Orb.
     0 | D:1      | Reached XP level 1. HP: 15/15 MP: 3/3
   307 | D:1      | Reached XP level 2. HP: 24/24 MP: 5/5
   380 | D:1      | Reached skill level 1 in Fighting
   889 | D:1      | Reached XP level 3. HP: 31/31 MP: 6/6
  1103 | D:2      | Learned a level 3 spell: Frozen Ramparts
  1116 | D:2      | Reached XP level 4. HP: 31/39 MP: 1/8
  1487 | D:2      | You fall into a shaft and drop 1 floor!
  1490 | D:3      | Found Uptus's Magic Scroll Shoppe.
  1573 | D:3      | Found a glowing drain.
  1646 | Sewer    | Entered a sewer
  1831 | Sewer    | Noticed Pargi
  1849 | Sewer    | Killed Pargi
  1850 | Sewer    | Reached skill level 5 in Ice Magic
  1850 | Sewer    | Reached XP level 5. HP: 36/48 MP: 6/10
  2331 | D:2      | Found a faded altar of an unknown god.
  2549 | D:3      | Learned a level 3 spell: Ozocubu's Armour
  2981 | D:4      | Reached XP level 6. HP: 56/56 MP: 9/11
  3197 | D:4      | Found a staircase to the Ecumenical Temple.
  3216 | Temple   | Entered the Ecumenical Temple
  3513 | Temple   | Became a worshipper of Cheibriados the Contemplative
  3537 | D:4      | Found Qyneh's Armour Boutique.
  3847 | D:4      | Found a hide-covered altar of Uskayaw.
  3854 | D:4      | Identified the amulet "Juhoem" {Reflect Slay+5 SH+5}
  3880 | D:4      | Found an iron altar of Okawaru.
  3884 | D:4      | Reached XP level 7. HP: 58/63 MP: 9/13
  3886 | D:4      | Reached * piety under Cheibriados
  3949 | D:5      | Entered Level 5 of the Dungeon
  4059 | D:5      | Reached skill level 6 in Ice Magic
  4366 | D:5      | Reached skill level 5 in Spellcasting
  4366 | D:5      | Reached XP level 8. HP: 49/73 MP: 9/15
  4529 | D:5      | Reached skill level 5 in Fighting
  4533 | D:5      | Gained mutation: You are clumsy. (Dex -2) [potion of
                  | mutation]
  4533 | D:5      | Gained mutation: You expend magic power (3 MP) to
                  | strengthen your wands. [potion of mutation]
  4813 | D:5      | Slain by a wight

Skill      XL: |  1  2  3  4  5  6  7  8 |
---------------+-------------------------+-----
Fighting       | 1 2 3 4 5 |  5.1
Spellcasting   | 3 4 5 |  5.1
Ice Magic      | 5 6 |  6.6
Dodging        | |  1.5
Stealth        | |  3.0

Action                   |  1- 3 |  4- 6 |  7- 9 || total
-------------------------+-------+-------+-------++-------
Melee: Unarmed           |     3 |       |       ||     3
       Mace              |       |    65 |    28 ||    93
       Punch             |       |     1 |       ||     1
       Spear             |       |       |     5 ||     5
 Fire: Sling             |    81 |    46 |       ||   127
 Cast: Freeze            |     3 |    29 |    13 ||    45
       Frozen Ramparts   |     2 |     5 |     4 ||    11
       Ozocubu's Armour  |       |     1 |       ||     1
 Abil: Spit Poison       |       |     5 |     5 ||    10
  Use: Scroll            |     5 |     6 |     1 ||    12
       Potion            |       |       |     3 ||     3
Armor: Robe              |     7 |    77 |    12 ||    96
Dodge: Dodged            |    21 |   100 |    32 ||   153
Block: Other             |       |       |    16 ||    16

Levels and vault maps discovered:
D:1:      wander_arrival_lonely_grave, layout_basic, dk_noncrumbling_3
D:2:      layout_basic, shapermc_ecumenical_altar_pompeii, eino_tiny_chamber
D:3:      layout_basic, gup_sewer_entry_glass, serial_shops,
          nicolae_shop_competitors_out_of_business
D:4:      layout_cave_pools, okawaru_altar_gauntlet_db, old_standard_altar,
          minmay_temple_entry_tees, serial_shops, nicolae_shop_advertising_works
          [nicolae_subvault_shop_adworks], roderic_batcave
D:5:      layout_basic, st_stairs_11
Temple:   nicolae_temple_bog_church
